[Event "*** Titled Tuesday 3|2 Blitz"]
[Site "Chess.com"]
[Date "2016.05.03"]
[Round "3"]
[White "pKiLz5Rn9b"]
[Black "Beca95"]
[Result "0-1"]
[WhiteElo "2393"]
[BlackElo "2566"]
[TimeControl "180+2"]
[EndTime "11:33:21 PDT"]
[Termination "Beca95 won by resignation"]

1. e4 d6 2. d4 Nf6 3. Nc3 e5 4. Nf3 Nbd7 5. Be2 Be7 6. O-O O-O 7. Re1 c6 8. a4 Qc7 9. h3 Re8 10. a5 Nf8 11. Be3 Ng6 12. Qd2 h6 13. Bf1 Bf8 14. g3 Be6 15. Bg2 b5 16. d5 cxd5 17. exd5 Bd7 18.
Na2 Qc4 19. b3 Qxd5 20. Qe2 Qe6 21. Qf1 d5 22. Rad1 Qa6 23. Bd2 Rac8 24. Bb4 Rxc2 25. Bxf8 Rxa2 26. Bb4 d4 27. Nd2 Bc6 28. Rc1 Nd5 29.
Rxc6 Qxc6 30. Rc1 Qd7 31. Bc5 Rxd2 0-1

[Event "*** Titled Tuesday 3|2 Blitz"]
[Site "Chess.com"]
[Date "2016.05.03"]
[Round "3"]
[White "Mischuk_D"]
[Black "oskariot"]
[Result "0-1"]
[WhiteElo "2462"]
[BlackElo "2435"]
[TimeControl "180+2"]
[EndTime "11:33:21 PDT"]
[Termination "oskariot won by resignation"]

1. e4 c5 2. Nf3 e6 3. d4 cxd4 4. Nxd4 Nc6 5. Nc3 Qc7 6. Be2 a6 7. O-O Nf6 8. Kh1 Nxd4 9. Qxd4 Bc5 10. Qd3 b5 11. Bg5 Bb7 12. Bf3 h5 13. Bxf6 gxf6 14. Rad1 h4 15. h3 Bc6 16. e5 fxe5 17. Bxc6 Qxc6 18.
Ne4 Be7 19. f3 d5 20. Nd2 f5 21. a4 b4 22. c4 bxc3 23. bxc3 Rc8 24. Rc1 e4 25. Qd4 Rg8 26. c4 Qc5 27. Qe5 Qd6 28. Qb2 Qg3 29. Nb3 Bd6 30. Kg1 Qh2+ 0-1

[Event "*** Titled Tuesday 3|2 Blitz"]
[Site "Chess.com"]
[Date "2016.05.03"]
[Round "3"]
[White "Inopov"]
[Black "jsdbv"]
[Result "0-1"]
[WhiteElo "2418"]
[BlackElo "2319"]
[TimeControl "180+2"]
[EndTime "11:33:21 PDT"]
[Termination "jsdbv won by resignation"]

1. d4 Nf6 2. c4 e6 3. Nc3 Bb4 4. f3 O-O 5. e4 c5 6. d5 exd5 7. cxd5 d6 8. Ne2 Nh5 9. g4 Qh4+ 10. Kd2 f5 11. gxf5 Rxf5 12. exf5 Bxf5 13. Qe1 Qf6 14.
Kd1 Nd7 15. Ng3 Nxg3 16. hxg3 Ne5 17. Be2 Re8 18. Qd2 c4 19. Qg5 Qf7 20. Qf4 Bxc3 21. bxc3 Qxd5+ 22. Qd4 Qc6 23. Bf4 Qa4+ 24. Ke1 Nxf3+ 25.
Kf2 Nxd4 26. cxd4 Qc2 27. Rhe1 Bg4 28. Be3 d5 29. Rac1 Qxa2 0-1

[Event "*** Titled Tuesday 3|2 Blitz"]
[Site "Chess.com"]
[Date "2016.05.03"]
[Round "3"]
[White "sandropozo"]
[Black "crisfoisor"]
[Result "0-1"]
[WhiteElo "2285"]
[BlackElo "2179"]
[TimeControl "180+2"]
[EndTime "11:33:25 PDT"]
[Termination "crisfoisor won by resignation"]

1. d4 g6 2. Nf3 Bg7 3. c4 c5 4. e3 Nf6 5. Nc3 O-O 6. Be2 cxd4 7.
exd4 d5 8. O-O Nc6 9. h3 dxc4 10.
Bxc4 Na5 11. Bd3 Be6 12. Qe2 Rc8 13. Bg5 h6 14. Bxf6 Bxf6 15. Bxg6 Bxh3 16. gxh3 fxg6 17. Qe4 Kh7 18. Kh1 Qd7 19. Rg1 Qxh3+ 20. Nh2 Rg8 21.
Nd5 Qf5 22. Qxf5 gxf5 23. Nxf6+ exf6 24. Rxg8 Kxg8 25. Nf3 Rc2 26. b3 Rxf2 27. Nh4 Kf7 28. Rc1 Rf4 29. Rc7+ Ke6 30. Ng6 Rxd4 31. Kg2 Rg4+ 0-1

[Event "*** Titled Tuesday 3|2 Blitz"]
[Site "Chess.com"]
[Date "2016.05.03"]
[Round "3"]
[White "Usurpov"]
[Black "YaWaleriy"]
[Result "1-0"]
[WhiteElo "2341"]
[BlackElo "2179"]
[TimeControl "180+2"]
[EndTime "11:33:31 PDT"]
[Termination "Usurpov won by resignation"]

1. e4 e6 2. d4 d5 3. e5 c5 4. c3 Nc6 5. Nf3 Bd7 6. a3 c4 7. Nbd2 Na5 8. Be2 Bc6 9. O-O Qd7 10. Qe1 Ne7 11. Ng5 Nc8 12. f4 h6 13. Nh3 Ba4 14. Bd1 Nb6 15. Nf3 Be7 16. Be3 Bxd1 17. Rxd1 O-O-O 18. Nf2 Qa4 19. Qe2 Kb8 20. g4 h5 21. h3 hxg4 22. hxg4 Rh7 23. Kg2 Rdh8 24. f5 Qd7 25. Qc2 Nb3 26. Rh1 Rxh1 27. Rxh1 Rxh1 28. Nxh1 exf5 29. gxf5 g6 30. e6 fxe6 31. fxg6 Bd6 32. Nf2 Qg7 33. Ng4 Nc8 34. Nfe5 Ne7 35. Bh6 Qg8 36. g7 Nf5 37. Nf6 1-0

[Event "*** Titled Tuesday 3|2 Blitz"]
[Site "Chess.com"]
[Date "2016.05.03"]
[Round "3"]
[White "Elshan1985"]
[Black "flavettes"]
[Result "1-0"]
[WhiteElo "2575"]
[BlackElo "2374"]
[TimeControl "180+2"]
[EndTime "11:33:33 PDT"]
[Termination "Elshan1985 won by resignation"]

1. e4 c5 2. Nf3 Nc6 3. Bb5 g6 4.
O-O Bg7 5. Re1 Nf6 6. c3 O-O 7.
e5 Nd5 8. d4 cxd4 9. cxd4 a6 10. Bc4 Nb6 11. Bb3 d6 12. e6 f5 13. Nc3 d5 14. Bf4 h6 15. h4 Rf6 16. Qd2 Kh7 17. Ne5 Na5 18. Nf7 Nxb3 19. axb3 Qf8 20. Bc7 Bxe6 21.
Ng5+ hxg5 22. hxg5 Nd7 23. gxf6 Qxf6 24. Ra5 Rc8 25. Be5 Qf7 26. Bxg7 Kxg7 27. Qg5 Rc6 28. Nxd5 Nf6 29. Nf4 Bxb3 30. Rxf5 Rd6 31. Rfe5 Bc2 32. Rxe7 1-0

[Event "*** Titled Tuesday 3|2 Blitz"]
[Site "Chess.com"]
[Date "2016.05.03"]
[Round "3"]
[White "ChadaevNikolay"]
[Black "bugsbunny444"]
[Result "1-0"]
[WhiteElo "2564"]
[BlackElo "2372"]
[TimeControl "180+2"]
[EndTime "11:33:47 PDT"]
[Termination "ChadaevNikolay won by resignation"]

1. e4 e6 2. d4 d5 3. Nd2 Nf6 4. e5 Nfd7 5. f4 c5 6. Ngf3 Nc6 7. Nb3 a5 8. a4 b6 9. Be3 Qc7 10. Bb5 c4 11. Nbd2 Ba6 12. O-O Bxb5 13. axb5 Na7 14. f5 exf5 15. e6 fxe6 16. Ng5 Nxb5 17. Bf4 Qc6 18. Nxe6 g6 19. Re1 Kf7 20. Nf3 h6 21. Qe2 Bb4 22. c3 Rae8 23. Bxh6 Rxe6 24. Ng5+ 1-0

[Event "*** Titled Tuesday 3|2 Blitz"]
[Site "Chess.com"]
[Date "2016.05.03"]
[Round "3"]
[White "smurfo"]
[Black "ZEN-22"]
[Result "1-0"]
[WhiteElo "2548"]
[BlackElo "2399"]
[TimeControl "180+2"]
[EndTime "11:33:50 PDT"]
[Termination "smurfo won on time"]

1. e4 c5 2. Nf3 e6 3. b4 d5 4.
exd5 cxb4 5. dxe6 Bxe6 6. Bb5+ Nc6 7. O-O Nf6 8. d4 Be7 9. a3 a5 10. axb4 axb4 11. Rxa8 Qxa8 12. Ng5 Bg4 13. f3 Be6 14. Re1 Bd5 15. c4 bxc3 16. Nxc3 Qd8 17. Bxc6+ bxc6 18. Ba3 c5 19. Bxc5 Ng8 20. Qa4+ Kf8 21. Qb4 Ba8 22. Qc4 Qe8 23. Nb5 1-0

[Event "*** Titled Tuesday 3|2 Blitz"]
[Site "Chess.com"]
[Date "2016.05.03"]
[Round "3"]
[White "Lector118"]
[Black "APL2001"]
[Result "1-0"]
[WhiteElo "2303"]
[BlackElo "2151"]
[TimeControl "180+2"]
[EndTime "11:33:55 PDT"]
[Termination "Lector118 won by resignation"]

1. d4 d5 2. c4 c6 3. Nf3 Nf6 4. Nc3 e6 5. g3 dxc4 6. Bg2 b5 7. Ne5 Nd5 8. e4 Nxc3 9. bxc3 Bb7 10. Qh5 Qe7 11. Bg5 Qc7 12. Bd8 Kxd8 13. Nxf7+ Kc8 14.
Nxh8 Qd8 15. Qxh7 Nd7 16. Bh3 Qa5 17. O-O Qxc3 18. Bxe6 Kc7 19. Rac1 Qb4 20. Ng6 Qd6 21.
Bxd7 Qxd7 22. Nxf8 Rxf8 23. Rfd1 Qf7 24. f4 Qe7 25. e5 Rd8 26. Qe4 Qd7 27. e6 Qd6 28. Qe5 Qxe5 29. dxe5 Re8 30. f5 g6 31. Rd7+ Kb6 32. f6 Bc8 33. f7 Bxd7 34. exd7 Rd8 35. e6 1-0

[Event "*** Titled Tuesday 3|2 Blitz"]
[Site "Chess.com"]
[Date "2016.05.03"]
[Round "3"]
[White "GulamaliRises"]
[Black "Winehouse83"]
[Result "1-0"]
[WhiteElo "2588"]
[BlackElo "2365"]
[TimeControl "180+2"]
[EndTime "11:33:58 PDT"]
[Termination "GulamaliRises won by resignation"]

1. e4 e5 2. Nf3 Nc6 3. Bc4 Bc5 4. O-O Nf6 5. d3 O-O 6. c3 d5 7. exd5 Nxd5 8. Re1 Bg4 9. Nbd2 Nf6 10. h3 Bh5 11. b4 Bb6 12. b5 Na5 13. Rxe5 Qd6 14. d4 c5 15. Ba3 Rac8 16. Be2 Rfd8 17. Qa4 Nd5 18. Ne4 Qg6 19. Nh4 Qxe4 20. Rxe4 Nxc3 21. Qc2 Nxe2+ 22. Rxe2 Bxe2 23. Qxe2 cxd4 24. Rd1 Nc4 25. Bb4 Re8 26. Qg4 Rcd8 27. Nf5 g6 28. Nxd4 f5 29.
Nxf5 Rxd1+ 30. Qxd1 gxf5 31. Qd5+ Kg7 32. Qd7+ 1-0

[Event "*** Titled Tuesday 3|2 Blitz"]
[Site "Chess.com"]
[Date "2016.05.03"]
[Round "3"]
[White "Spas_Kozhuharov"]
[Black "Danirod"]
[Result "1-0"]
[WhiteElo "2476"]
[BlackElo "2418"]
[TimeControl "180+2"]
[EndTime "11:34:01 PDT"]
[Termination "Spas_Kozhuharov won by resignation"]

1. d4 Nf6 2. c4 e6 3. Nc3 Bb4 4. Qc2 O-O 5. a3 Bxc3+ 6. Qxc3 b6 7. Bg5 h6 8. Bh4 Bb7 9. Nf3 d5 10. cxd5 Bxd5 11. Ne5 g5 12. Bg3 Ne4 13. Qd3 Nd7 14.
Nxd7 Qxd7 15. f3 Nxg3 16. hxg3 Kg7 17. e4 Bb7 18. O-O-O Rfd8 19. Qc3 f6 20. Bc4 Qe7 21. Rhe1 a6 22. Kb1 Rac8 23. d5 e5 24. f4 c6 25. fxe5 fxe5 26. dxc6 Rxd1+ 27. Rxd1 Bxc6 28. Bd5 Bd7 29. Qb3 Qc5 30. Bg8 Be8 31. Be6 Rc7 32.
Rd8 Bf7 33. Bxf7 Rxf7 34. Rd5 Qg1+ 35. Ka2 Qxg2 36. Rxe5 Qxg3 37. Qxg3 1-0

[Event "*** Titled Tuesday 3|2 Blitz"]
[Site "Chess.com"]
[Date "2016.05.03"]
[Round "3"]
[White "hellokostya"]
[Black "Makalexa"]
[Result "1-0"]
[WhiteElo "2261"]
[BlackElo "2076"]
[TimeControl "180+2"]
[EndTime "11:34:05 PDT"]
[Termination "hellokostya won by resignation"]

1. d4 Nf6 2. c4 c5 3. d5 e6 4. Nc3 exd5 5. cxd5 d6 6. e4 g6 7. f4 Bg7 8. Bb5+ Nfd7 9. a4 a6 10. Be2 O-O 11. Nf3 Re8 12. O-O b5 13. axb5 Bb7 14. f5 axb5 15. Rxa8 Bxa8 16. Bxb5 Qb6 17. fxg6 hxg6 18.
Ba4 c4+ 19. Kh1 Rf8 20. Ng5 Ne5 21. Qe1 Ng4 22. Qh4 Nh6 23. Nf3 Kh7 24. Bxh6 Bxh6 25. Ng5+ Kg7 26. Ne6+ fxe6 27. Rxf8 Kxf8 28. Qxh6+ Kf7 29.
Qh7+ Kf6 30. dxe6 Qf2 31. Qf7+ 1-0

[Event "*** Titled Tuesday 3|2 Blitz"]
[Site "Chess.com"]
[Date "2016.05.03"]
[Round "3"]
[White "maciek_92"]
[Black "Gevorg_Harutjunyan"]
[Result "0-1"]
[WhiteElo "2577"]
[BlackElo "2598"]
[TimeControl "180+2"]
[EndTime "11:34:14 PDT"]
[Termination "Gevorg_Harutjunyan won by resignation"]

1. c4 Nf6 2. g3 g6 3. Bg2 Bg7 4. Nc3 O-O 5. d4 d6 6. e3 Nc6 7. Nge2 e5 8. O-O exd4 9. exd4 Re8 10. h3 Bf5 11. g4 Bd7 12. Ng3 h6 13. Be3 Nh7 14. Qd2 Qh4 15. Nd5 Rac8 16. Nb4 Nxb4 17.
Qxb4 Rxe3 18. fxe3 Qxg3 19. Rf3 Qh4 20. Qxb7 Ng5 21.
Raf1 Nxf3+ 22. Qxf3 Qe7 23. Kh1 c5 24. Qb7 cxd4 25. exd4 Bxd4 26. Bd5 Rf8 27. Bf3 Qh4 28. Kg2 Be5 29. Rh1 Qg3+ 30. Kf1 Bd4 31. Ke2 Qf2+ 32.
Kd1 Be3 33. Be2 Be6 34. Rf1 Qh2 35. Qe4 Qe5 36. Qxe5 dxe5 37. Kc2 f5 38. gxf5 gxf5 39. b4 e4 40. c5 f4 0-1

[Event "*** Titled Tuesday 3|2 Blitz"]
[Site "Chess.com"]
[Date "2016.05.03"]
[Round "3"]
[White "jcibarra"]
[Black "AleksandrNevski"]
[Result "1-0"]
[WhiteElo "2530"]
[BlackElo "2405"]
[TimeControl "180+2"]
[EndTime "11:34:15 PDT"]
[Termination "jcibarra won on time"]

1. e4 e5 2. Nf3 Nc6 3. Bb5 Nf6 4. O-O Be7 5. Bxc6 dxc6 6. Qe2 Bg4 7. h3 Bh5 8. d3 Nd7 9. b3 c5 10. Bb2 f6 11.
Nbd2 O-O 12. Nc4 Nb8 13. g4 Bf7 14. Ne3 Nc6 15. c3 Qd7 16. Rad1 Rfe8 17. Kh2 Bd6 18. Rg1 Ne7 19. g5 f5 20. Nh4 Bg6 21. c4 Rf8 22. Nxg6 hxg6 23. f3 Nc6 24. exf5 Nd4 25. Qf2 e4+ 26. f4 Nf3+ 27. Kh1 Nxg1 28. Kxg1 Rxf5 29.
dxe4 1-0

[Event "*** Titled Tuesday 3|2 Blitz"]
[Site "Chess.com"]
[Date "2016.05.03"]
[Round "3"]
[White "spectralsoul"]
[Black "pedromartinez91"]
[Result "1-0"]
[WhiteElo "2549"]
[BlackElo "2338"]
[TimeControl "180+2"]
[EndTime "11:34:17 PDT"]
[Termination "spectralsoul won by resignation"]

1. e4 c5 2. Nf3 Nc6 3. d4 cxd4 4. Nxd4 d5 5. Bb5 dxe4 6. Nxc6 Qxd1+ 7. Kxd1 a6 8. Ba4 Bd7 9. Nc3 Bxc6 10. Bxc6+ bxc6 11. Nxe4 f5 12. Nd2 O-O-O 13. Re1 g6 14. c3 Bg7 15. f4 Rd5 16. Kc2 e5 17. Nc4 Rc5 18.
Nd6+ Kd7 19. Nf7 e4 20. Be3 Rd5 21. Rad1 Nf6 22. Nxh8 Bxh8 23. c4 Rd3 24. Rxd3+ exd3+ 25. Kxd3 Nh5 26. b3 Bg7 27. g3 Bf8 28. Bd4 Bb4 29.
Bc3 Bc5 30. b4 Bf2 31. Re2 Bg1 32. Rg2 Bb6 33. c5 Bd8 34. Kc4 Bc7 35. Rd2+ Ke6 36. Re2+ Kd7 37. a4 Bb8 38. b5 axb5+ 39. axb5 cxb5+ 40. Kxb5 Bc7 41. c6+ Kd8 42. Rd2+ Kc8 43. Rd7 Nf6 44.
Bxf6 1-0

[Event "*** Titled Tuesday 3|2 Blitz"]
[Site "Chess.com"]
[Date "2016.05.03"]
[Round "3"]
[White "Zlatan56"]
[Black "LyonBeast"]
[Result "0-1"]
[WhiteElo "2559"]
[BlackElo "2779"]
[TimeControl "180+2"]
[EndTime "11:34:19 PDT"]
[Termination "LyonBeast won by resignation"]

1. g3 g6 2. Bg2 Bg7 3. d4 d5 4. Nf3 c6 5. O-O Nf6 6. Nbd2 O-O 7. b3 c5 8. Bb2 cxd4 9. Bxd4 Nc6 10. Bb2 Bg4 11.
Ne5 Nxe5 12. Bxe5 Rc8 13. h3 Be6 14. c4 Qd7 15. g4 Rfd8 16. cxd5 Nxd5 17. Nc4 Bxe5 18.
Nxe5 Qc7 19. Qd4 Nc3 20. Qe3 Qc5 21. Bxb7 Qxe3 22. fxe3 Nxe2+ 23. Kf2 Rc2 24. Be4 Rb2 25. Kf3 Nc3 26. Bd3 Rd5 27. Rfc1 Nxa2 0-1

[Event "*** Titled Tuesday 3|2 Blitz"]
[Site "Chess.com"]
[Date "2016.05.03"]
[Round "3"]
[White "exoticprincess"]
[Black "psv98"]
[Result "1-0"]
[WhiteElo "2799"]
[BlackElo "2478"]
[TimeControl "180+2"]
[EndTime "11:34:20 PDT"]
[Termination "exoticprincess won by resignation"]

1. b3 Nf6 2. Bb2 g6 3. e3 Bg7 4. Nc3 c5 5. d4 cxd4 6. exd4 d5 7. Qd2 Nc6 8. O-O-O Bf5 9. Bb5 Rc8 10. f3 h5 11. Kb1 a6 12. Bxc6+ Rxc6 13. Nge2 b5 14. Ba3 a5 15. Bc5 b4 16. Na4 O-O 17. h3 h4 18.
Qf4 Nd7 19. Qxh4 e5 20. Qxd8 Rxd8 21. g4 Bxc2+ 22. Kxc2 exd4 23. Rc1 Nxc5 24. Nxc5 Rxc5+ 25. Kd3 Rdc8 26. Rxc5 Rxc5 27. Rc1 Rxc1 28. Nxc1 Kf8 29.
Ne2 Ke7 30. Nxd4 Kd6 31. f4 Bh6 32. Ke3 Kc5 33. Nf3 d4+ 34. Nxd4 Kd5 35. Nf3 f6 36. g5 fxg5 37. fxg5 Bf8 38. Nh4 Bc5+ 39. Kf3 Kd4 40. Nxg6 Kc3 41. Ne5 Bf8 42. h4 Kb2 43. Nc4+ Kxa2 44. Nxa5 1-0

[Event "*** Titled Tuesday 3|2 Blitz"]
[Site "Chess.com"]
[Date "2016.05.03"]
[Round "3"]
[White "Tesla17"]
[Black "Saitama_Hero"]
[Result "0-1"]
[WhiteElo "2241"]
[BlackElo "2160"]
[TimeControl "180+2"]
[EndTime "11:34:26 PDT"]
[Termination "Saitama_Hero won by resignation"]

1. d4 Nf6 2. c4 g6 3. Nc3 d5 4.
cxd5 Nxd5 5. Na4 Bg7 6. e4 Nb6 7. Be3 O-O 8. Nf3 Nxa4 9. Qxa4 c5 10. Rd1 Bd7 11. Qb3 Qa5+ 12. Bd2 Qc7 13. dxc5 Na6 14. Bxa6 bxa6 15. O-O Rab8 16. Qa3 Bxb2 17. Qe3 Bg7 18.
e5 e6 19. Rc1 Bc6 20. Nd4 Bd5 21. f4 Bxa2 22. Qa3 Bd5 23. Qxa6 Rfd8 24. Ba5 Qc8 25. Qxa7 Rd7 26. Bc7 Rxc7 27. Qa5 Bf8 28. c6 Bxc6 29. Rf2 Bb4 30. Qa1 Bd5 31. Rd1 Bc3 32. Qa6 Qxa6 0-1

[Event "*** Titled Tuesday 3|2 Blitz"]
[Site "Chess.com"]
[Date "2016.05.03"]
[Round "3"]
[White "swayamsm"]
[Black "Journey_to_GrandMaster_YT"]
[Result "1-0"]
[WhiteElo "2525"]
[BlackElo "2332"]
[TimeControl "180+2"]
[EndTime "11:34:42 PDT"]
[Termination "swayamsm won by resignation"]

1. d4 d6 2. Nf3 Nd7 3. e4 Ngf6 4. Nc3 e5 5. Bc4 Be7 6. dxe5 Nxe5 7. Nxe5 dxe5 8. Qf3 c6 9. Qg3 O-O 10. Qxe5 b5 11. Bd3 b4 12. Ne2 Bd6 13. Qg5 h6 14. Qh4 Re8 15. O-O Qe7 16. f3 Bc5+ 17. Kh1 Be6 18.
Nf4 g5 19. Qxh6 gxf4 20. Bxf4 Nd7 21. e5 f5 22. exf6 Nxf6 23. Be5 Rf8 24. Rae1 Rae8 25. Re4 Qg7 26. Qh4 Be7 27. Rf4 Nd5 28. Bxg7 Bxh4 29.
Rxf8+ Rxf8 30. Bxf8 Kxf8 31. a3 Bf6 32. axb4 Bxb2 33.
Bc4 Bf5 34. Rb1 Bc3 35. b5 Bxc2 36. Rc1 Ne3 37. bxc6 Be5 38. Ba6 Ke7 39. Kg1 Kd6 40. Kf2 Bd4 41. Ke2 Kxc6 42. Bd3 Bb2 43. Rxc2+ Nxc2 44. Bxc2 a5 45. Kd3 Be5 46. h4 Kd5 47. h5 Ke6 48.
Ke4 Kf6 49. f4 Bc3 50. g4 Kg7 51. g5 Bd2 52. h6+ Kg6 53. Ke5+ Kf7 54. g6+ Kg8 55. Bb3+ Kf8 56. g7+ 1-0

[Event "*** Titled Tuesday 3|2 Blitz"]
[Site "Chess.com"]
[Date "2016.05.03"]
[Round "3"]
[White "the_drake"]
[Black "CraiggoryC"]
[Result "1-0"]
[WhiteElo "2209"]
[BlackElo "2088"]
[TimeControl "180+2"]
[EndTime "11:34:42 PDT"]
[Termination "the_drake won on time"]

1. e4 e6 2. d4 d5 3. Nd2 Be7 4. Ngf3 Nf6 5. e5 Nfd7 6. Bd3 c5 7. c3 Nc6 8. O-O a5 9. Re1 cxd4 10. cxd4 g5 11. Nb1 g4 12. Nfd2 h5 13. Nc3 Nxd4 14. Nb3 Nc6 15. Bf4 a4 16. Nd2 a3 17. b3 Ndxe5 18. Bxe5 Nxe5 19. Rxe5 Bf6 20. Qe2 Qc7 21. Bb5+ Kf8 22. Re1 Qxc3 23. Re3 Qc5 24. Nf1 Kg7 25. b4 Qxb4 26. Ng3 Ra5 27. Rb3 Rxb5 28. Rxb4 Rxb4 29. h3 Rb2 30. Qd3 Bd7 31. hxg4 Bb5 32. Qf3 Bd4 33. Ne2 Bxe2 34. Qg3 1-0

[Event "*** Titled Tuesday 3|2 Blitz"]
[Site "Chess.com"]
[Date "2016.05.03"]
[Round "3"]
[White "iturrizaga"]
[Black "Aguiar94"]
[Result "1-0"]
[WhiteElo "2555"]
[BlackElo "2395"]
[TimeControl "180+2"]
[EndTime "11:34:49 PDT"]
[Termination "iturrizaga won by resignation"]

1. Nf3 Nf6 2. c4 e6 3. Nc3 d5 4.
e3 Be7 5. b3 O-O 6. Bb2 c5 7.
cxd5 exd5 8. d4 Nc6 9. dxc5 Bxc5 10.
a3 a6 11. Be2 Be6 12. O-O Ba7 13. Na4 Ne4 14. Rc1 Rc8 15. b4 Qd6 16. Qd3 Bg4 17.
Rfd1 Rfe8 18. Qxd5 Qh6 19. Bc4 Nxf2 20. Qxf7+ Kh8 21.
Kxf2 Qxe3+ 22. Kg3 Qf2+ 23. Kxg4 Qxg2+ 24. Kh5 Qh3+ 25. Nh4 Ne5 26. Rg1 g6+ 27. Rxg6 hxg6+ 28. Qxg6 Be3 29. Rg1 Qxh4+ 30. Kxh4 Rxc4+ 31. Kh5 1-0

[Event "*** Titled Tuesday 3|2 Blitz"]
[Site "Chess.com"]
[Date "2016.05.03"]
[Round "3"]
[White "Keranke"]
[Black "Zazuliak"]
[Result "1-0"]
[WhiteElo "2600"]
[BlackElo "2363"]
[TimeControl "180+2"]
[EndTime "11:34:51 PDT"]
[Termination "Keranke won by resignation"]

1. d4 Nf6 2. c4 g6 3. Nc3 Bg7 4. e4 d6 5. Be2 O-O 6. Nf3 Na6 7. O-O e5 8. Be3 Ng4 9. Bg5 Qe8 10. dxe5 Nxe5 11. Nd5 f6 12. Bd2 c6 13. Nc3 Be6 14. b3 Qe7 15. Nd4 Bf7 16. Be3 Nc5 17. Qd2 Ne6 18. Nc2 Rfd8 19. Rad1 h5 20. h3 c5 21. Nd5 Qf8 22. f4 Nc6 23. f5 gxf5 24. Rxf5 Bg6 25. Bxh5 Bxf5 26. exf5 Ned4 27. Nxd4 cxd4 28. Bxd4 Ne5 29.
Nc7 Bh6 30. Qf2 Qg7 31. Ne6 Qe7 32. Nxd8 Rxd8 33. Bxa7 Ra8 34. Bd4 Qg7 35. a4 Qg5 36.
Bf3 Kg7 37. Bb6 Rg8 38. Bd5 Rh8 39. Bxb7 Qh5 40. Bf3 Nxf3+ 41. Qxf3 Qxf3 42. gxf3 1-0

[Event "*** Titled Tuesday 3|2 Blitz"]
[Site "Chess.com"]
[Date "2016.05.03"]
[Round "3"]
[White "underdogchss"]
[Black "cool64chess"]
[Result "0-1"]
[WhiteElo "2365"]
[BlackElo "2212"]
[TimeControl "180+2"]
[EndTime "11:34:57 PDT"]
[Termination "cool64chess won by checkmate"]

1. d4 d5 2. Nf3 Nf6 3. c4 e6 4. Nc3 Be7 5. Bg5 O-O 6. e3 Nbd7 7. Qc2 c6 8. Rd1 h6 9. Bh4 b6 10. a3 Ba6 11. cxd5 Bxf1 12. Kxf1 cxd5 13. Ke2 Rc8 14.
Qd3 Qc7 15. Rc1 Qb7 16. Nb5 a6 17. Nc3 b5 18. b4 Nb6 19. Ne5 Nc4 20. Nb1 Ne4 21.
Bxe7 Qxe7 22. Nxc4 Rxc4 23. Rxc4 bxc4 24. Qc2 Qg5 25. g3 Qh5+ 26. Ke1 Qf3 27. Rg1 c3 28. Qe2 Qf5 29. Qc2 Rc8 30. f4 Qg4 31. Rg2 Qf3 32. Qe2 Qxe2+ 33. Kxe2 c2 34. Rg1 c1=Q 35. Rxc1 Rxc1 36. Nd2 Rc2 37. Kf3 Rxd2 38. h3 f5 39. g4 Rf2# 0-1

[Event "*** Titled Tuesday 3|2 Blitz"]
[Site "Chess.com"]
[Date "2016.05.03"]
[Round "3"]
[White "Fh2411"]
[Black "FLchessplayer"]
[Result "1-0"]
[WhiteElo "2277"]
[BlackElo "2086"]
[TimeControl "180+2"]
[EndTime "11:34:58 PDT"]
[Termination "Fh2411 won by resignation"]

1. d4 g6 2. Nf3 Bg7 3. g3 d6 4. Bg2 Nf6 5. O-O O-O 6. b3 Nc6 7. Bb2 Nd7 8. c4 e5 9. e3 h6 10. Nc3 a6 11. Nd5 Kh7 12. Rc1 f5 13. c5 e4 14.
cxd6 exf3 15. dxc7 Qe8 16. Bxf3 Nf6 17. Nb6 Bd7 18. d5 Ne7 19. d6 Nc6 20. Nxa8 Qxa8 21. Bg2 Qc8 22. Qf3 g5 23. Qe2 Rg8 24. e4 Nxe4 25.
Bxe4 fxe4 26. Bxg7 Rxg7 27. Qxe4+ Bf5 28. Qd5 Qd7 29.
Rfe1 Bg6 30. Qe6 Bf5 31. Qd5 Bg6 32. b4 Nxb4 33. Qxb7 Nd3 34. Qc6 Qxc6 35. Rxc6 Bf5 36. Re7 Kg6 37. Rxg7+ Kxg7 38. c8=Q Bxc8 39. Rxc8 Ne5 40.
Re8 Kf6 41. Rxe5 1-0

[Event "*** Titled Tuesday 3|2 Blitz"]
[Site "Chess.com"]
[Date "2016.05.03"]
[Round "3"]
[White "hypert"]
[Black "AlexanderL"]
[Result "1-0"]
[WhiteElo "2363"]
[BlackElo "2541"]
[TimeControl "180+2"]
[EndTime "11:35:10 PDT"]
[Termination "hypert won by resignation"]

1. e4 e6 2. d4 d5 3. Nc3 Nf6 4. e5 Nfd7 5. f4 c5 6. Nf3 Nc6 7. Be3 a6 8. Qd2 b5 9. a3 Qa5 10. Ra2 Qc7 11. Be2 b4 12. axb4 Nxb4 13. Ra1 Be7 14.
O-O O-O 15. Na4 c4 16. c3 Nc6 17. Bd1 f5 18. Kh1 Rb8 19. Rg1 Na5 20. Qe2 Nb3 21.
Ra2 Bb7 22. Bc2 Bc6 23. g4 Qa5 24. gxf5 exf5 25. Ng5 Bxg5 26. Rxg5 Bxa4 27. Bxf5 Rxf5 28. Rxf5 Nf8 29. Rg5 Qb5 30. Qg2 Ne6 31. Rxa4 Qxa4 32.
Qxd5 Re8 33. f5 Qa1+ 34. Rg1 Qxb2 35. fxe6 Kh8 36. e7 Qe2 37. Qf7 Qf3+ 38. Qxf3 1-0

[Event "*** Titled Tuesday 3|2 Blitz"]
[Site "Chess.com"]
[Date "2016.05.03"]
[Round "3"]
[White "HansCoolNiemann"]
[Black "SabinaFoisor"]
[Result "1-0"]
[WhiteElo "2263"]
[BlackElo "2159"]
[TimeControl "180+2"]
[EndTime "11:35:13 PDT"]
[Termination "HansCoolNiemann won by resignation"]

1. d4 d5 2. c4 e6 3. Nf3 Nf6 4. g3 Be7 5. Bg2 O-O 6. O-O c6 7. Qc2 Nbd7 8. Bf4 b6 9. Rd1 Bb7 10. Nc3 Rc8 11. Ne5 Re8 12. Rac1 Nf8 13. cxd5 cxd5 14.
Qa4 a6 15. Qb3 b5 16. Na4 bxa4 17. Qxb7 Rb8 18. Qxa6 Qb6 19. Qxa4 Qxb2 20. Nc6 Ra8 21. Nxe7+ Kh8 22. Qc6 Rxa2 23. Rd2 Qb3 24. Rxa2 Qxa2 25. Nc8 Qxe2 26. Nd6 Re7 27. Qc8 Kg8 28. Qc2 Qa6 29. Bf1 Qa5 30. Bd3 h6 31. Be5 N6d7 32. Qc3 Qa2 33.
Bf4 Qa8 34. Qc8 Qa3 35. Qc3 Qa8 36. Nb5 Nb6 37. Bd6 Rd7 38. Bxf8 Qxf8 39. Qc5 Qxc5 40. dxc5 Na4 41. c6 Rd8 42. c7 Rc8 43. Nd6 1-0

[Event "*** Titled Tuesday 3|2 Blitz"]
[Site "Chess.com"]
[Date "2016.05.03"]
[Round "3"]
[White "igorkovalenko"]
[Black "Er_is_geen_hoop_meer"]
[Result "1-0"]
[WhiteElo "2580"]
[BlackElo "2343"]
[TimeControl "180+2"]
[EndTime "11:35:14 PDT"]
[Termination "igorkovalenko won by checkmate"]

1. d4 Nf6 2. c4 e5 3. dxe5 Ng4 4. Bf4 g5 5. Bg3 Bg7 6. Nf3 Nc6 7. h4 Ngxe5 8.
Nxe5 Nxe5 9. Nd2 g4 10. e3 h5 11. Qc2 d6 12. c5 dxc5 13. Qxc5 Qe7 14. Qxe7+ Kxe7 15. O-O-O Be6 16. Nb3 a5 17. Nd4 Bxa2 18.
Nf5+ Kf6 19. Nxg7 Nc6 20. Bb5 Nb4 21. Rd7 Kxg7 22. Be5+ Kg6 23. Bxh8 Rxh8 24. Rxc7 Rd8 25. Rc3 Bd5 26. Bd3+ Kg7 27. Bb1 Bxg2 28. Rd1 Re8 29. Rc5 Bf3 30. Rd6 b6 31. Rg5+ Kf8 32. Rxh5 Rc8+ 33.
Kd2 Ke7 34. Rxb6 Rd8+ 35. Kc3 Rc8+ 36. Kb3 Bd1+ 37. Ka3 Rc1 38. Rxa5 Nc6 39. Rf5 Bf3 40. Ba2 f6 41. Rb7+ Ke8 42. Rxf6 Na5 43. Rb8+ Ke7 44.
Rf7+ Kd6 45. Rd8+ Kc5 46. Rf5+ Kb6 47. Rd6+ Nc6 48. Bd5 Bxd5 49. Rfxd5 Rf1 50. Rf5 Kc7 51. Rg6 Ra1+ 52. Kb3 Na5+ 53. Kc2 Nc4 54. Rf7+ Kd8 55. Rg8# 1-0

[Event "*** Titled Tuesday 3|2 Blitz"]
[Site "Chess.com"]
[Date "2016.05.03"]
[Round "3"]
[White "simonachess"]
[Black "chessbia"]
[Result "0-1"]
[WhiteElo "2131"]
[BlackElo "2050"]
[TimeControl "180+2"]
[EndTime "11:35:14 PDT"]
[Termination "chessbia won by resignation"]

1. d4 d5 2. c4 c6 3. Nc3 Nf6 4. Bf4 e6 5. e3 Nbd7 6. Nf3 Be7 7. c5 O-O 8. h3 b6 9. b4 a5 10. a3 Re8 11. Bd3 h6 12. O-O Bf8 13. b5 bxc5 14.
bxc6 Nb6 15. c7 Qe7 16. dxc5 Qxc5 17. Rc1 Nc4 18. Na4 Qxa3 19. Bxc4 dxc4 20. Rxc4 Nd5 21. Bg3 Ba6 22. Qd4 Bxc4 23. Qxc4 Bd6 24. e4 Bxg3 25. exd5 exd5 26. Qc6 Bxc7 27. Nc5 Rac8 28. Qxd5 Bh2+ 29.
Kxh2 Qxc5 30. Qd2 Qc3 31. Qa2 Ra8 32. Rb1 a4 33. Rb7 Rf8 34. Nh4 Qe5+ 35. g3 Qe6 36. Qa3 Rfd8 37. Re7 Qf6 38. Kg2 Rd2 39. Nf3 Rc2 40.
Qe3 Rc3 41. Qe4 Rac8 42. Re8+ Rxe8 43. Qxe8+ Kh7 44. Qe4+ g6 45. Ne5 a3 46. Nc4 a2 0-1